 Dungeon Crawl Stone Soup version 0.21.0-3-g78d12a8 (webtiles) character file.

7634 Inarius the Frost Mage (level 10, -7/73 (75) HPs)
             Began as a Purple Draconian Ice Elementalist on Jan 9, 2018.
             Was a Believer of Hepliaklqana.
             Engulfed by a cloud of freezing vapour (11 damage)
             ... on level 10 of the Dungeon.
             The game lasted 00:40:00 (12556 turns).

Inarius the Frost Mage (DrIE)                      Turns: 12556, Time: 00:40:01

HP:   -7/73 (75)    AC: 12    Str: 11    XL:     10   Next: 98%
MP:   18/18         EV: 17    Int: 24    God:    Hepliaklqana [**....]
Gold: 684           SH:  0    Dex: 15    Spells: 6/20 levels left

rFire    + . .     SeeInvis .   b - +2 quarterstaff (chaos)
rCold    + . .     Gourm    .   (shield currently unavailable)
rNeg     . . .     Faith    .   (armour unavailable)
rPois    +         Spirit   .   p - +2 hat
rElec    +         Reflect  .   F - +0 cloak
rCorr    +         Harm     .   v - +0 pair of gloves
MR       +....                  q - +0 pair of boots
Stlth    +.........             (no amulet)
HPRegen  0.22/turn              y - +5 ring of intelligence
MPRegen  0.16/turn              G - +4 ring of dexterity

@: confused, resistant, hasted and slowed
A: breathe power, unfitting armour, reduced essence, cold-blooded, AC +7
a: Breathe Dispelling Energy, Recall Ancestor, Ancestor Identity, Renounce
Religion


You were on level 10 of the Dungeon.
You worshipped Hepliaklqana.
Hepliaklqana was pleased with you.
You were not hungry.

You visited 2 branches of the dungeon, and saw 11 of its levels.
You also visited: Sewer.

You collected 684 gold pieces.

Inventory:

Hand Weapons
 a - a +3 dagger of holy wrath
 b - a +2 quarterstaff of chaos (weapon)
Armour
 p - a +2 hat (worn)
 q - a +0 pair of boots (worn)
 v - a +0 pair of gloves (worn)
 F - a +0 cloak (worn)
Jewellery
 y - a +5 ring of intelligence (left hand)
 G - a +4 ring of dexterity (right hand)
Wands
 r - a wand of digging (11)
 u - a wand of disintegration (3)
 B - a wand of random effects (33)
 D - a wand of flame (56)
 H - a wand of enslavement (16)
Scrolls
 c - 4 scrolls of fog
 e - 3 scrolls of immolation {unknown}
 g - 8 scrolls of remove curse
 h - 8 scrolls of teleportation
 i - 5 scrolls of magic mapping
 t - a scroll of blinking
 C - 3 scrolls of fear
Potions
 d - a potion of mutation {unknown}
 f - a potion of cancellation {unknown}
 j - 7 potions of flight
 k - 3 potions of lignification
 l - 3 potions of agility
 m - a potion of resistance
 n - a potion of experience {unknown}
 o - a potion of magic {unknown}
 s - a potion of invisibility {unknown}
 w - a potion of haste
 x - a potion of brilliance {unknown}
 z - 3 potions of might
 I - a potion of curing {unknown}
Comestibles
 E - 28 rations
 J - a chunk of flesh


   Skills:
 + Level 6.5 Fighting
 - Level 0.4 Short Blades
 - Level 0.3 Staves
 + Level 7.3 Dodging
 - Level 1.7 Stealth
 + Level 5.7 Spellcasting
 + Level 5.0 Conjurations
 + Level 3.6 Charms
 + Level 3.4 Summonings
 * Level 11.0 Ice Magic
 + Level 1.1 Invocations


You had 6 spell levels left.
You knew the following spells:

 Your Spells              Type           Power        Failure   Level  Hunger
a - Freeze                Ice            ####         1%          1    None
b - Ozocubu's Armour      Chrm/Ice       #####...     1%          3    #......
c - Throw Icicle          Conj/Ice       #####...     3%          4    ###....
d - Summon Ice Beast      Ice/Summ       #####...     4%          4    ###....
e - Swiftness             Chrm/Air       ###.....     6%          2    None


Dungeon Overview and Level Annotations

Branches:
Dungeon (10/15)            Temple (1/1) D:5             Orc (0/2) D:9
   Lair: D:8-11

Altars:
Elyvilon
Fedhas
Gozag
Hepliaklqana
Kikubaaqudgha
Nemelex Xobeh
Qazlal
Ru
Sif Muna
Wu Jian
Yredelemnul
Zin
The Shining One


Innate Abilities, Weirdness & Mutations

You can breathe bolts of dispelling energy.
Your rich purple scales are hard. (AC +7)
You cannot fit into any form of body armour.
You are cold-blooded and may be slowed by cold attacks.
Your life essence is reduced to manifest your ancestor. (-10% HP)


Message History

You feel yourself speed up.
Really walk into that cloud of freezing vapour?
Okay, then.
Unknown command.
You are engulfed in freezing vapours.
You feel yourself slow down.
You are engulfed in freezing vapours.
Onaxys is engulfed in freezing vapours.
Onaxys is engulfed in freezing vapours.
Onaxys is engulfed in freezing vapours.
You feel yourself speed up.
You are engulfed in freezing vapours.
You feel yourself slow down.
You are engulfed in freezing vapours.
* * * LOW HITPOINT WARNING * * *
Onaxys is engulfed in freezing vapours.
You feel protected.
You are engulfed in freezing vapours.
You resist.
* * * LOW HITPOINT WARNING * * *
Onaxys is engulfed in freezing vapours.
You are confused.
You feel invigorated.
You are engulfed in freezing vapours.
You resist.
You die...

###########.######%..........#
#........###########
########.###########
#............
###################......
###################8'8###.
#.#.§§§§§§§§§§§§§§§§..####
#.#§####################
#.#§§R§§§@§§§§§§§:)$$$##
#.######################
#..............#########
#......#######..#### #......#
##....## # #......#
####..###### #......# #####
##......# ###.#### ##...##
######.. #...# ##.....## ##.


You could see the friendly Onaxys the knight.

Vanquished Creatures
  3 hippogriffs
  5 yaks (D:10)
  2 wyverns
  Grum (D:8)
  2 hungry ghosts (D:10)
  2 ice beasts
  2 orc warriors
  An eye of draining (D:9)
  2 phantoms
  4 wolves
  6 ogres
  A necrophage (D:10)
  A crocodile (D:8)
  6 centaurs
  A bullfrog (D:7)
  4 killer bees (D:7)
  2 crimson imps
  A bullfrog zombie (D:7)
  2 centaur zombies
  A quasit (D:7)
  Crazy Yiuf (D:7)
  2 jellies
  An orc priest (D:10)
  5 hounds
  A bullfrog skeleton (D:5)
  2 orc wizards
  4 iguanas
  2 worker ants
  A hound zombie (D:7)
  2 hound skeletons
  A worker ant zombie (D:5)
  8 gnolls
  13 adders
  3 shadow imps
  2 adder skeletons
  5 worms
  A dart slug (D:3)
  3 leopard geckos
  18 orcs
  5 ball pythons
  6 bats
  8 giant cockroaches
  5 goblins
  12 hobgoblins
  22 jackals
  4 quokkas
  2 ball python skeletons
  9 frilled lizards
  11 kobolds
  A quokka skeleton (D:9)
  7 rats
216 creatures vanquished.

Vanquished Creatures (collateral kills)
  A two-headed ogre (D:8)
  A wyvern (D:9)
  Menkaure (D:7)
  Purgy (Sewer)
  3 orc warriors (D:9)
  A big kobold (D:8)
  3 bullfrogs
  3 wights (D:9)
  2 howler monkeys (D:7)
  2 crimson imps
  2 jellies (D:7)
  A hound (D:6)
  2 orc priests
  5 orc wizards
  3 iguanas
  2 gnolls (D:7)
  4 adders
  11 orcs
  A ball python (Sewer)
  3 jackals (D:6)
  2 quokkas (D:6)
  2 frilled lizards (Sewer)
  A quokka zombie (D:9)
57 creatures vanquished.

Vanquished Creatures (others)
  2 knights
  3 ancestors (D:8)
  A leopard gecko (D:5)
  A quokka (D:6)
7 creatures vanquished.

Grand Total: 280 creatures vanquished

Notes
Turn   | Place    | Note
-------+----------+-------------------------------------------
     0 | D:1      | Inarius the Draconian Ice Elementalist began the quest for the Orb.
     0 | D:1      | Reached XP level 1. HP: 14/14 MP: 3/3
   426 | D:1      | Reached XP level 2. HP: 17/20 MP: 0/5
  1061 | D:1      | Reached XP level 3. HP: 26/26 MP: 6/6
  1165 | D:2      | Found an ancient bone altar of Kikubaaqudgha.
  1223 | D:2      | Found a blossoming altar of Fedhas.
  1334 | D:2      | Learned a level 3 spell: Ozocubu's Armour
  1341 | D:2      | Reached skill level 4 in Ice Magic
  1577 | D:2      | Found a sacrificial altar of Ru.
  1593 | D:2      | Reached XP level 4. HP: 5/34 MP: 2/8
  1950 | D:2      | Found an ornate altar of the Wu Jian Council.
  1950 | D:2      | Found a basalt altar of Yredelemnul.
  2385 | D:2      | Reached skill level 1 in Fighting
  2607 | D:3      | Reached XP level 5. HP: 30/40 MP: 2/9
  2941 | D:3      | Found an opulent altar of Gozag.
  3238 | D:3      | Reached skill level 5 in Ice Magic
  3451 | D:3      | Learned a level 4 spell: Throw Icicle
  3605 | D:4      | Found a deep blue altar of Sif Muna.
  3653 | D:4      | Reached XP level 6. HP: 46/47 MP: 8/11
  4283 | D:4      | Reached skill level 1 in Charms
  4283 | D:4      | Your scales start taking on a rich purple colour.
  4283 | D:4      | Reached XP level 7. HP: 21/53 MP: 13/13
  4674 | D:5      | Entered Level 5 of the Dungeon
  4743 | D:5      | Reached skill level 6 in Ice Magic
  5131 | D:5      | Reached skill level 5 in Spellcasting
  5280 | D:5      | Found a glowing golden altar of the Shining One.
  5342 | D:5      | HP: 1/56 [centaur/arrow (8)]
  5347 | D:5      | Reached XP level 8. HP: 16/62 MP: 15/15
  5353 | D:5      | Reached skill level 7 in Ice Magic
  5407 | D:5      | Found a staircase to the Ecumenical Temple.
  5415 | Temple   | Entered the Ecumenical Temple
  5431 | Temple   | Became a worshipper of Hepliaklqana the Forgotten
  5754 | D:6      | Found a glowing drain.
  5791 | Sewer    | Entered a sewer
  5931 | Sewer    | Noticed Purgy
  5940 | Sewer    | Killed Purgy
  6437 | D:6      | Reached skill level 8 in Ice Magic
  6500 | D:6      | Found a white marble altar of Elyvilon.
  6537 | D:6      | Found a sparkling altar of Nemelex Xobeh.
  6782 | D:6      | Found a white marble altar of Elyvilon.
  6945 | D:6      | Reached * piety under Hepliaklqana
  7249 | D:7      | Noticed Menkaure
  7424 | D:7      | Killed Menkaure
  7424 | D:7      | Reached XP level 9. HP: 43/61 MP: 16/16
  7793 | D:7      | Learned a level 1 spell: Freeze
  7798 | D:7      | Learned a level 4 spell: Summon Ice Beast
  7822 | D:7      | Reached skill level 9 in Ice Magic
  7948 | D:7      | Found a runed door.
  8125 | D:7      | Noticed Crazy Yiuf
  8127 | D:7      | Killed Crazy Yiuf
  8257 | D:7      | Reached skill level 5 in Dodging
  8257 | D:7      | Reached skill level 1 in Invocations
  8457 | D:7      | Reached skill level 1 in Summonings
  8714 | D:8      | Noticed Grum
  9099 | D:8      | Noticed a two-headed ogre
  9806 | D:8      | Killed Grum
  9832 | D:8      | Reached ** piety under Hepliaklqana
  9833 | D:8      | Remembered your ancestor Onaxys as a knight
  9909 | D:8      | Reached XP level 10. HP: 42/72 MP: 8/17
 10252 | D:8      | Killed a two-headed ogre
 10252 | D:8      | Reached skill level 5 in Fighting
 10252 | D:8      | Reached skill level 10 in Ice Magic
 11506 | D:9      | Found a staircase to the Orcish Mines.
 11582 | D:10     | Entered Level 10 of the Dungeon
 11962 | D:10     | Identified the Incunabulum of the Gliding Compass
 11967 | D:10     | Learned a level 2 spell: Swiftness
 12040 | D:10     | Reached skill level 5 in Conjurations
 12068 | D:10     | Reached skill level 11 in Ice Magic
 12376 | D:10     | Found a stormy altar of Qazlal.
 12556 | D:10     | Engulfed by a cloud of freezing vapour

Skill      XL: |  1  2  3  4  5  6  7  8  9 10 |
---------------+-------------------------------+-----
Dodging        | 2 3 4 5 7 |  7.3
Ice Magic      | 4 5 6 8 9 11 | 11.0
Fighting       | 1 2 4 6 |  6.5
Spellcasting   | 3 4 5 |  5.7
Charms         | 1 2 3 |  3.6
Conjurations   | 2 4 5 |  5.0
Invocations    | 1 |  1.1
Summonings     | 3 |  3.4
Short Blades   | |  0.4
Staves         | |  0.3
Stealth        | |  1.7

Action                   |  1- 3 |  4- 6 |  7- 9 | 10-12 || total
-------------------------+-------+-------+-------+-------++-------
Melee: Short sword       |    34 |       |       |       ||    34
       Dagger            |    31 |   175 |   264 |    32 ||   502
       Tailslap          |     8 |     8 |    30 |    17 ||    63
       Hand axe          |    31 |     2 |       |       ||    33
       Quarterstaff      |       |       |   116 |    99 ||   215
 Cast: Freeze            |    34 |    69 |    49 |       ||   152
       Ozocubu's Armour  |       |     1 |    14 |     6 ||    21
       Throw Icicle      |       |       |    23 |    20 ||    43
Invok: Recall Ancestor   |       |       |     1 |     1 ||     2
       Ancestor Life: Kn |       |       |     1 |       ||     1
       Ancestor Identity |       |       |     1 |       ||     1
 Abil: Breathe Dispellin |       |       |       |     2 ||     2
  Use: Scroll            |     3 |     1 |     9 |     5 ||    18
       Potion            |       |       |     6 |     3 ||     9
 Stab: Sleeping          |     2 |     1 |     4 |       ||     7
       Paralysed         |     2 |       |     3 |     2 ||     7
       Confused          |       |       |     2 |       ||     2
       Distracted        |       |       |     1 |     1 ||     2
  Eat: Chunk             |     3 |     8 |    20 |    13 ||    44
       Ration            |       |       |     1 |       ||     1
Armor: Skin              |    38 |    92 |   173 |    54 ||   357
Dodge: Dodged            |   103 |   164 |   411 |   111 ||   789
